 Dungeon Crawl Stone Soup version 0.32-a0-38-gb04dd89b9b (webtiles) character file.

Game seed: 10761457429738742777

275 jlumianski the Trooper (level 6, 0/39 HPs)
             Began as a Gargoyle Fighter on Jan 23, 2024.
             Was an Initiate of Okawaru.
             Slain by a hound (5 damage)
             ... on level 5 of the Dungeon.
             The game lasted 00:14:15 (2934 turns).

jlumianski the Trooper (Gargoyle Fighter)           Turns: 2934, Time: 00:14:18

Health: 0/39       AC: 11    Str: 21    XL:     6   Next: 25%
Magic:  6/6        EV:  9    Int:  9    God:    Okawaru [......]
Gold:   221        SH:  4    Dex:  9    Spells: 5/5 levels left

rFire   . . .        a - +0 war axe
rCold   + . .        c - +0 buckler
rNeg    + . .        b - +0 scale mail
rPois   ∞            (no helmet)
rElec   +            (no cloak)
rCorr   .            (no gloves)
SInv    .            (no boots)
Will    .....        v - amulet of the acrobat Stlth
                     t - ring of protection from cold
HPRegen 0.26/turn    (no ring)
MPRegen 0.10/turn

%: acrobat
@: no status effects
A: sickness immunity, AC +4, negative energy resistance 1, electricity
resistance, torment resistance 1, petrification resistance
a: Renounce Religion


You were on level 5 of the Dungeon.
You worshipped Okawaru.
Okawaru was noncommittal.
You visited 1 branch of the dungeon, and saw 5 of its levels.

You collected 221 gold pieces.

Inventory:

Hand Weapons
 a - a +0 war axe (weapon)
 n - a +0 longbow
Armour
 b - a +0 scale mail (worn)
 c - a +0 buckler (worn)
 w - a +0 pair of boots
Magical Staves
 l - a staff of earth
Jewellery
 t - a ring of protection from cold (left hand)
 v - an amulet of the acrobat (around neck)
Talismans
 p - a serpent talisman
 s - a blade talisman
Wands
 q - a wand of paralysis (6)
Scrolls
 f - a scroll of silence
 h - 2 scrolls of teleportation
 j - a scroll of torment
 k - a scroll of amnesia
Potions
 d - a potion of might
 e - a potion of haste
 g - 2 potions of curing
 i - a potion of ambrosia
 m - a potion of lignification
 o - a potion of enlightenment {unknown}
 r - a potion of heal wounds
 u - a potion of attraction {unknown}


   Skills:
 + Level 4.4 Fighting
 + Level 3.9 Axes
 + Level 4.2 Armour
 + Level 1.0 Dodging
 + Level 0.1 Stealth
 + Level 4.1 Shields


You had 5 spell levels left.
You didn't know any spells.
Your spell library contained the following spells:

 Spells                   Type           Power      Damage    Failure   Level
 Sandblast                Erth           0%         2d4       78%         1
 Passwall                 Erth           0%         N/A       98%         3
 Stone Arrow              Conj/Erth      0%         3d7       98%         3
 Brom's Barrelling Bould  Conj/Erth      0%         2d3       100%        4
 Borgnjor's Revivificati  Necr           0%         N/A       100%        8
 Death's Door             Necr           0%         N/A       100%        9
 Haunt                    Necr/Summ      Unusable   N/A       N/A         7

Dungeon Overview and Level Annotations

Branches:
Dungeon (5/15)             Temple (0/1) D:5

Altars:
Fedhas
Gozag
Kikubaaqudgha
Makhleb
Nemelex Xobeh
Okawaru
Sif Muna
Trog
Vehumet

Shops:
D:1 :

Annotations:
D:4 3 runed translucent doors, case's ghost, novice MiBe


Innate Abilities, Weirdness & Mutations

You are immune to sickness and miasma.
Your stone body is resilient. (AC +4)
You are immune to poison.
You resist negative energy. (rN+)
You are resistant to electric shocks. (rElec)
You are resistant to unholy torment.
You are immune to petrification.


Message History

You barely miss the hound.
The ufetubus hits you but does no damage.
The ufetubus barely misses you. The hound bites you but does no damage.
The hound closely misses you. The ufetubus barely misses you.
The ufetubus closely misses you.
Okay, then.
Unknown command.
You barely miss the ufetubus.
The ufetubus is moderately wounded.
You barely miss the hound. You block the ufetubus's attack.
The ufetubus closely misses you. The hound bites you but does no damage.
The ufetubus hits you but does no damage. x2
The hound barely misses you.
You hit the ufetubus but do no damage.
The ufetubus is moderately wounded.
You hit the hound.
The ufetubus hits you but does no damage.
The ufetubus barely misses you. The hound bites you.
* * * LOW HITPOINT WARNING * * *
You block the hound's attack. You block the ufetubus's attack.
The ufetubus hits you.
* * * LOW HITPOINT WARNING * * *
You barely miss the ufetubus.
The ufetubus is moderately wounded.
You barely miss the hound. You block the ufetubus's attack. x2
The hound barely misses you. x2; The ufetubus closely misses you.
The ufetubus hits you but does no damage.
You barely miss the ufetubus.
The ufetubus is moderately wounded.
You barely miss the hound. The hound barely misses you.
The ufetubus hits you but does no damage.
You block the ufetubus's attack. The hound bites you but does no damage.
You completely miss the ufetubus.
The ufetubus is moderately wounded.
You closely miss the hound.
The ufetubus hits you but does no damage.
The ufetubus hits you.
* * * LOW HITPOINT WARNING * * *
The hound bites you.
You die...

###########
##..........#
..........>#
###..........##
..............
###########..........###
......5@h...............
.[#########.............
....................
#.....#.............
##.....#.....<.......
.##......#......†......
.........#.............
.........#.............
.........#....######...


You could see a hound and an ufetubus.

Vanquished Creatures
  3 hounds
  An iguana (D:4)
  6 adders
  An ufetubus (D:5)
  5 ribbon worms
  13 dart slugs
  An orc (D:2)
  3 endoplasms
  3 giant cockroaches
  3 goblins
  5 hobgoblins
  5 quokkas
  9 ball pythons
  5 bats
  4 frilled lizards
  5 kobolds
  5 rats
77 creatures vanquished.

Notes
Turn   | Place    | Note
-------+----------+-------------------------------------------
     0 | D:1      | jlumianski the Gargoyle Fighter began the quest for the
                  | Orb.
     0 | D:1      | Reached XP level 1. HP: 14/14 MP: 1/1
   165 | D:1      | Reached XP level 2. HP: 17/19 MP: 2/2
   610 | D:1      | Found Xifit's Book Shoppe.
   818 | D:2      | Reached XP level 3. HP: 24/24 MP: 3/3
  1024 | D:2      | Reached XP level 4. HP: 21/29 MP: 4/4
  1803 | D:3      | Reached XP level 5. HP: 31/33 MP: 5/5
  1955 | D:3      | Found a burning altar of Makhleb.
  1955 | D:3      | Found a radiant altar of Vehumet.
  1955 | D:3      | Found a shimmering blue altar of Sif Muna.
  1975 | D:3      | Found a sparkling altar of Nemelex Xobeh.
  1978 | D:3      | Found an ancient bone altar of Kikubaaqudgha.
  1979 | D:3      | Found an opulent altar of Gozag.
  1990 | D:3      | Found a blossoming altar of Fedhas.
  1993 | D:3      | Found an iron altar of Okawaru.
  1994 | D:3      | Found a bloodstained altar of Trog.
  2007 | D:3      | Became a worshipper of Warmaster Okawaru
  2688 | D:5      | Entered Level 5 of the Dungeon
  2689 | D:5      | Upgraded the game from 0.32-a0-35-gd9ff480968 to
                  | 0.32-a0-38-gb04dd89b9b
  2716 | D:4      | Found a runed translucent gate.
  2719 | D:4      | Found a runed translucent gate.
  2719 | D:4      | Found a runed translucent gate.
  2723 | D:4      | Noticed case's ghost (novice MiBe)
  2866 | D:5      | Reached XP level 6. HP: 38/39 MP: 6/6
  2877 | D:5      | Found a staircase to the Ecumenical Temple.
  2922 | D:5      | Reached skill level 1 in Dodging
  2934 | D:5      | Slain by a hound

Illustrated notes

Levels and vault maps discovered:
D:1:      elethiomel_arrival_maze, layout_basic, serial_shops, shop_fountains
D:2:      layout_loops_ring
D:3:      kennysheep_slugbush, layout_loops_ring,
          nicolae_overflow_hallway_of_the_gods
D:4:      layout_loops_ring, mainiacjoe_overflow_alcove_1,
          gammafunk_ghost_split, hangedman_abyss_or_decor_passed, minivault_23,
          dreamdust_princess_corridor
D:5:      layout_basic, temple_fountains

Skill      XL: |  1  2  3  4  5  6 |
---------------+-------------------+-----
Axes           | 2 3 |  3.9
Fighting       | 4 |  4.4
Armour         | 4 |  4.2
Shields        | 4 |  4.1
Dodging        | 1 |  1.0
Stealth        | |  0.1

Action                     |  1- 3 |  4- 6 || total
---------------------------+-------+-------++-------
  Melee: War axe           |    99 |   195 ||   294
    Use: Scroll            |       |     8 ||     8
         Potion            |       |     4 ||     4
 Armour: Scale mail        |    96 |   265 ||   361
  Dodge: Dodged            |    54 |   209 ||   263
  Block: Buckler           |    21 |    79 ||   100

Table legend: (Time is in decaauts)
 A = Elapsed time spent in this place.
 B = Non-inter-level travel time spent in this place.
 C = Inter-level travel time spent in this place.
 D = Time resting spent in this place.
 E = Time spent auto-exploring this place.
 F = Levels seen in this place.
 G = Mean time per level.
                   A        B        C        D        E       F      G
               +--------+--------+--------+--------+--------+-----+--------+
         Total |   3070 |   3034 |     36 |     31 |   1703 |   5 |  614.0 |
       Dungeon |   3070 |   3034 |     36 |     31 |   1703 |   5 |  614.0 |
               +--------+--------+--------+--------+--------+-----+--------+

Top non-repeatable levels by time:
     D:3: 1068 daAuts
     D:2: 1020 daAuts
     D:1: 694 daAuts
     D:4: 189 daAuts
     D:5: 98 daAuts
